Map: Pillars of Gold LE

Players

ShoWTimE - Winner!

  • Race: Protoss Protoss
  • Spawn Location: 7:00

BlyOnFire (Bly)

  • Race: Zerg Zerg
  • League: Grandmaster
  • Spawn Location: 1:00

Event: DreamHack SC2 Masters 2020 Summer Europe

VOD

Have the link to the VOD?

Description

Time

  • Played on: June 25, 2020, 10:58 a.m.
  • Length: 11:31

All games in this series

Show
View Real Time Build Order
Export as new Build Order

ShoWTimE Protoss - Winner!

Build Orders: Oracle Opening 

Get SALT Encoding   

  12  0:00  Probe  
  13  0:12  Probe  
  14  0:19  Pylon  
  14  0:24  Probe  
  15  0:33  Probe  
  15  0:41  Gateway, Probe  
  17  0:52  Assimilator  
  17  0:53  Probe  
  18  1:06  Probe  
  19  1:18  Probe  
  20  1:19  Zealot  
  20  1:30  Probe  
  20  1:31  Cybernetics Core  
  20  1:32  Pylon  
  23  1:50  Probe  
  24  1:57  Adept  
  24  2:02  Probe  
  27  2:14  Probe  
  28  2:22  Nexus  
  28  2:29  Adept  
  30  2:35  Pylon  
  30  2:38  Probe  
  30  2:43  Assimilator  
  31  2:46  Warp Gate  
  31  2:53  Probe  
  32  3:05  Probe  
  33  3:17  Stargate, Probe  
  30  3:28  Probe  
  30  3:29  Adept  
  30  3:32  Probe  
  33  3:36  Probe  
  33  3:37  Gateway  
  33  3:40  Probe  
  35  3:44  Probe  
  37  3:50  Probe  
  37  3:54  Oracle  
  37  3:55  Probe  
  38  4:02  Probe  
  43  4:05  Twilight Council  
  43  4:07  Probe  
  44  4:12  Gateway  
  44  4:14  Probe  
  44  4:15  Assimilator  
  43  4:19  Probe  
  44  4:25  Pylon  
  44  4:26  Probe  
  44  4:28  Shield Battery  
  45  4:31  Probe  
  45  4:35  Adept, Stalker  
  48  4:38  Probe  
  48  4:41  Resonating Glaives  
  48  4:43  Robotics Facility  
  47  4:52  Gateway  
  47  4:53  Pylon  
  47  4:58  Adept  
  48  5:15  Adept x2  
  52  5:22  Gateway  
  52  5:25  Gateway  
  52  5:26  Warp Prism  
  52  5:28  Gateway  
  52  5:30  Adept, Pylon  
  56  5:46  Adept x3  
  62  5:54  Adept  
  64  6:01  Pylon  
  64  6:14  Adept  
  64  6:18  Adept x4  
  72  6:20  Adept  
  76  6:33  Pylon  
  76  6:34  Pylon  
  76  6:41  Adept x4  
  76  6:42  Adept  
  82  6:48  Adept x2  
  76  7:02  Adept x5  
  74  7:13  Adept x2  
  76  7:21  Oracle  
  71  7:37  Adept x5  
  71  7:38  Adept x2  
  71  7:41  Assimilator, Probe  
  86  7:48  Oracle  
  86  7:49  Pylon  
  87  8:04  Adept x2  
  93  8:16  Pylon  
  93  8:17  Pylon  
  93  8:22  Adept x4  
  97  8:33  Adept x3  
  95  8:39  Probe  
  95  8:41  Oracle  
  88  8:46  Probe  
  88  9:00  Adept x5  
  88  9:01  Adept  
  94  9:10  Oracle  
  94  9:16  Stalker  
  88  9:23  Adept x3  
  97  9:26  Adept  
  95  9:36  Adept x2  
  99  9:52  Oracle  
  94  10:07  Adept x7  
  91  10:29  Pylon  
  91  10:32  Adept x5  
  89  10:38  Adept  
  85  10:44  Adept  
  81  11:00  Nexus  
  81  11:01  Stalker  
  83  11:06  Stalker  
  83  11:16  Adept x2  
  85  11:28  Pylon  
Show
View Real Time Build Order
Export as new Build Order

BlyOnFire Zerg 

Build Orders: 3 Hatch before Pool, Swarm Host 

Get SALT Encoding   

  12  0:01  Drone  
  13  0:14  Overlord  
  13  0:19  Drone  
  14  0:32  Drone x2  
  16  0:45  Drone  
  17  0:56  Drone  
  18  1:07  Hatchery  
  17  1:21  Hatchery  
  17  1:25  Drone  
  17  1:28  Drone  
  18  1:39  Extractor  
  17  1:45  Spawning Pool  
  16  1:47  Drone  
  16  1:51  Drone  
  18  1:54  Drone  
  18  1:59  Drone  
  20  2:02  Evolution Chamber  
  21  2:19  Overlord  
  21  2:22  Drone x2  
  23  2:34  Queen x2  
  23  2:35  Zergling x2  
  28  2:41  Zergling x6  
  28  2:42  Metabolic Boost  
  31  2:53  Drone, Overlord  
  32  3:03  Drone  
  32  3:04  Drone  
  34  3:09  Spore Crawler  
  31  3:16  Spore Crawler  
  27  3:25  Drone x4  
  32  3:30  Lair  
  33  3:34  Zergling x2  
  33  3:36  Queen  
  33  3:40  Drone  
  37  3:45  Drone  
  38  3:55  Drone x4  
  42  4:01  Zergling x2  
  43  4:03  Overlord x2  
  43  4:12  Overlord  
  43  4:16  Zergling x2  
  44  4:18  Overlord  
  44  4:23  Spore Crawler x2  
  41  4:24  Drone  
  41  4:25  Drone x2  
  43  4:35  Drone x4  
  47  4:40  Zergling x2  
  47  4:51  Extractor  
  46  4:52  Overlord  
  46  4:54  Infestation Pit  
  46  4:55  Zergling x4  
  46  4:56  Overlord  
  47  5:02  Drone x4  
  47  5:07  Extractor  
  48  5:08  Overlord  
  48  5:17  Drone x3  
  48  5:18  Roach Warren  
  50  5:26  Drone x3  
  52  5:29  Nydus Network  
  51  5:38  Overlord  
  51  5:46  Drone  
  51  5:47  Drone x3  
  55  5:51  Evolution Chamber  
  55  5:52  Evolution Chamber  
  55  5:53  Evolution Chamber  
  51  5:57  Roach x4  
  59  6:06  Swarm Host x2, Extractor  
  59  6:07  Swarm Host  
  59  6:10  Swarm Host  
  70  6:20  Nydus Canal  
  70  6:26  Roach x3  
  70  6:31  Overseer  
  76  6:35  Roach  
  76  6:43  Roach x4  
  84  6:50  Roach x2  
  83  6:55  Roach x2  
  82  7:02  Roach x2  
  82  7:06  Roach  
  84  7:17  Evolution Chamber  
  81  7:25  Drone x7  
  87  7:36  Ravager  
  88  7:42  Nydus Canal  
  88  7:45  Ravager  
  88  7:46  Drone  
  88  7:47  Drone  
  91  7:55  Drone x4  
  95  8:05  Nydus Canal  
  93  8:13  Drone  
  93  8:14  Overlord  
  93  8:15  Overlord  
  94  8:21  Nydus Canal  
  91  8:34  Roach x5  
  91  8:36  Nydus Canal  
  87  8:45  Glial Reconstitution  
  87  8:46  Queen x2  
  79  8:59  Drone x5  
  70  9:17  Nydus Canal  
  70  9:31  Roach x5  
  80  9:33  Queen  
  80  9:35  Overlord  
  81  9:40  Nydus Canal  
  81  9:43  Spore Crawler  
  80  9:50  Overseer  
  76  9:53  Roach x3  
  78  10:01  Overseer  
  68  10:10  Roach x7  
  80  10:22  Evolution Chamber  
  80  10:23  Queen x2  
  80  10:26  Spore Crawler  
  66  10:40  Roach x3  
  60  10:49  Roach  
  52  10:50  Roach  
  52  10:56  Roach  
Tags
 
Add a new tag
Caveats
  • Supply blocks, unpowered buildings, or Contaminate may cause inaccurate times.
  • Supply counts are checked every 10 seconds.